 Dungeon Crawl Stone Soup version 0.24.0-123-gd5b16e6ec5 (webtiles) character file.

Game seed: 9096032132579911878, levelgen mode: deterministic

317 Martska the Charmwright (level 6, 0/47 HPs)
             Began as a Human Skald on Feb 11, 2020.
             Was an Initiate of the Shining One.
             Succumbed to a scorpion's poison
             ... on level 3 of the Dungeon.
             The game lasted 00:16:36 (4940 turns).

Martska the Charmwright (Human Skald)               Turns: 4940, Time: 00:16:37

Health: 0/47       AC:  9    Str: 16 (18) XL:     6   Next: 74%
Magic:  8/9        EV: 11    Int: 18 (19) God:    the Shining One [......]
Gold:   145        SH:  3    Dex: 11 (12) Spells: 4/10 levels left

rFire    + . .     SeeInvis .   a - +0 falchion
rCold    + . .     Gourm    .   v - +0 buckler
rNeg     . . .     Faith    .   b - +1 leather armour
rPois    +         Spirit   .   (no helmet)
rElec    +         Reflect  .   (no cloak)
rCorr    +         Harm     .   i - +0 pair of gloves
MR       .....                  (no boots)
Stlth    +.........             (no amulet)
HPRegen  0.15/turn              k - +5 ring of strength
MPRegen  0.11/turn              h - +4 ring of protection

@: brilliant, lethally poisoned (0 -> -3), resistant, shrouded, very slightly
contaminated, glowing
A: no striking features
a: Renounce Religion


You were on level 3 of the Dungeon.
You worshipped the Shining One.
The Shining One was noncommittal.
You were not hungry.

You visited 2 branches of the dungeon, and saw 6 of its levels.

You collected 145 gold pieces.

Inventory:

Hand Weapons
 a - a +0 falchion (weapon)
Missiles
 c - 92 stones (quivered)
Armour
 b - a +1 leather armour (worn)
 i - a +0 pair of gloves (worn)
 v - a +0 buckler (worn)
Jewellery
 g - an uncursed ring of resist corrosion
 h - a +4 ring of protection (right hand)
 j - an uncursed ring of positive energy
 k - a +5 ring of strength (left hand)
 o - a cursed -2 ring of protection
Wands
 t - a wand of iceblast (13)
Scrolls
 l - 2 scrolls of immolation
 q - 3 scrolls of amnesia
Comestibles
 d - 4 rations


   Skills:
 * Level 3.2 Fighting
 * Level 3.4 Long Blades
 + Level 2.0 Armour
 + Level 2.6 Dodging
 - Level 1.1 Stealth
 + Level 0.7 Shields
 + Level 2.6 Spellcasting
 + Level 1.2 Hexes
 + Level 3.4 Charms
 + Level 1.4 Translocations
 + Level 0.6 Evocations


You had 4 spell levels left.
You knew the following spells:

 Your Spells              Type           Power        Failure   Level  Hunger
a - Infusion              Chrm           ####         1%          1    #......
b - Shroud of Golubria    Chrm/Tloc      ###...       2%          2    ##.....
c - Spectral Weapon       Hex/Chrm       ###.....     4%          3    ###....

Your spell library contained the following spells:

 Spells                   Type           Power        Failure   Level  Hunger
 Song of Slaying          Chrm           ####....     1%          2    ##.....
 Regeneration             Chrm/Necr      ###.......   5%          3    ###....


Dungeon Overview and Level Annotations

Branches:
Dungeon (5/15)             Temple (1/1) D:4

Altars:
Cheibriados
Dithmenos
Fedhas
Gozag
Kikubaaqudgha
Makhleb
Nemelex Xobeh
Qazlal
Ru
Sif Muna
Trog
Uskayaw
Vehumet
Wu Jian
Xom
Yredelemnul
Zin
The Shining One

Annotations:
D:4 Menkaure, Robin


Message History

* * * LOW HITPOINT WARNING * * *
You feel sick.
As you read the scroll labeled WINIM JUVUIXO, it crumbles to dust.
It is a scroll of enchant armour.
Your +0 leather armour glows green for a moment.
* * * LOW HITPOINT WARNING * * *
You feel sick.
As you read the scroll labeled SOOCIUNKOIFU, it crumbles to dust.
It is a scroll of identify.
o - a cursed -2 ring of protection
There is a lethal amount of poison in your body!
There is a lethal amount of poison in your body!
There is a lethal amount of poison in your body!
* * * LOW HITPOINT WARNING * * *
You feel sick.
* * * LOW HITPOINT WARNING * * *
You feel sick.
* * * LOW HITPOINT WARNING * * *
You feel sick.
You die...

#...................
#########..........)........
#...........................
#.########..................
###### ######...............
###_###_####...............
##8...8...8##...........)...
####.........##...............
#.#_.........@#...............
#.##.........##...............
#.##8...8...8##...............
#.####_###_####...............
#.##########################.#
#.........# #....# #.#
#.........###....######## #.#
#.........'.'....'......# #.#
#.........###....#...##.# #.#


There were no monsters in sight!

Vanquished Creatures
  An ogre (Temple)
  Jessica (D:2)
  An iguana (D:3)
  2 worker ants
  Terence (D:1)
  4 adders
  2 oozes
  4 dart slugs
  A leopard gecko (D:1)
  7 orcs
  A giant cockroach (D:3)
  7 goblins
  5 hobgoblins
  4 jackals
  A ball python (D:2)
  7 bats
  A frilled lizard (D:1)
  5 kobolds
  A leopard gecko skeleton (D:4)
  4 rats
60 creatures vanquished.

Notes
Turn   | Place    | Note
-------+----------+-------------------------------------------
     0 | D:1      | Martska the Human Skald began the quest for the Orb.
     0 | D:1      | Reached XP level 1. HP: 16/16 MP: 3/3
   119 | D:1      | Reached XP level 2. HP: 7/22 MP: 3/5
   123 | D:1      | Learned a level 2 spell: Shroud of Golubria
  1050 | D:2      | Noticed Jessica
  1260 | D:2      | Killed Jessica
  1260 | D:2      | Reached XP level 3. HP: 28/28 MP: 4/6
  1265 | D:2      | Learned a level 3 spell: Spectral Weapon
  1288 | D:2      | Reached XP level 4. HP: 33/34 MP: 3/7
  1898 | D:2      | Noticed Terence
  2276 | D:3      | Reached skill level 1 in Translocations
  2313 | D:3      | Reached XP level 5. HP: 39/39 MP: 3/8
  2517 | D:3      | Found an opulent altar of Gozag.
  2554 | D:3      | Found a glowing golden altar of the Shining One.
  3034 | D:3      | Found an ornate altar of the Wu Jian Council.
  3034 | D:3      | Found a snail-covered altar of Cheibriados.
  3036 | D:3      | Found a stormy altar of Qazlal.
  3125 | D:4      | Noticed Robin
  3565 | D:1      | Killed Terence
  3678 | D:4      | Noticed Menkaure
  3696 | D:5      | Entered Level 5 of the Dungeon
  3722 | D:4      | HP: 2/40 [poisoned by a worker ant]
  3725 | D:4      | Noticed an ogre
  3733 | D:5      | Reached skill level 1 in Stealth
  4016 | D:4      | Found a staircase to the Ecumenical Temple.
  4025 | Temple   | Entered the Ecumenical Temple
  4267 | Temple   | Reached XP level 6. HP: 23/47 MP: 5/9
  4272 | Temple   | Killed an ogre
  4272 | Temple   | Reached skill level 1 in Hexes
  4886 | D:3      | Became a worshipper of the Shining One
  4934 | D:3      | HP: 2/47 [poisoned by a scorpion]
  4940 | D:3      | Succumbed to a scorpion's poison

Levels and vault maps discovered:
D:1:      minmay_arrival_floating_metal, layout_basic, dk_noncrumbling_3,
          minmay_misc_feat_rows
D:2:      layout_basic, kennysheep_generic_room_4, uniq_terence, uniq_jessica
D:3:      layout_basic, nicolae_overflow_hidden_temple, roderic_roman_lattice
D:4:      layout_layer_cave, minmay_temple_entry_wispy, uniq_sigmund,
          uniq_robin, uniq_menkaure
D:5:      layout_basic, lemuel_crystal_altar, serial_shops, shop, first_ration
Temple:   nicolae_temple_figure_eight

Skill      XL: |  1  2  3  4  5  6 |
---------------+-------------------+-----
Translocations | 1 |  1.4
Long Blades    | 3 |  3.4
Stealth        | 1 |  1.1
Fighting       | 3 |  3.2
Hexes          | 1 |  1.2
Armour         | 2 |  2.0
Dodging        | |  2.6
Shields        | |  0.7
Spellcasting   | |  2.6
Charms         | |  3.4
Evocations     | |  0.6

Action                   |  1- 3 |  4- 6 || total
-------------------------+-------+-------++-------
Melee: Falchion          |    57 |   155 ||   212
 Cast: Infusion          |     2 |     7 ||     9
       Spectral Weapon   |       |     2 ||     2
       Shroud of Golubri |       |     1 ||     1
Evoke: Wand              |       |     8 ||     8
  Use: Scroll            |       |    10 ||    10
       Potion            |       |     7 ||     7
 Stab: Sleeping          |     1 |     1 ||     2
       Paralysed         |       |    16 ||    16
  Eat: Ration            |     1 |     2 ||     3
       Chunk             |       |     4 ||     4
Armor: Leather armour    |    24 |    60 ||    84
Dodge: Dodged            |    49 |   121 ||   170
Block: Buckler           |       |    17 ||    17
       Rpst.: Falchion   |    16 |    42 ||    58
